 Dungeon Crawl Stone Soup version 0.20-a0-949-g916514f (webtiles) character file.

184 AlphabetPasta the Skirmisher (level 5, 0/43 (45) HPs)
             Began as a Ghoul Skald on Apr 3, 2017.
             Slain by a howler monkey (6 damage)
             ... on level 4 of the Dungeon.
             The game lasted 00:13:42 (2801 turns).

AlphabetPasta the Skirmisher (Ghoul Skald)          Turns: 2801, Time: 00:13:42

HP:   0/43 (45)     AC:  6    Str: 15    XL:     5   Next: 63%
MP:   6/7           EV: 12    Int:  9    God:
Gold: 178           SH:  0    Dex:  8    Spells: 0/8 levels left

rFire    . . .     SeeInvis .   n - +0 whip (venom)
rCold    + . .     Gourm    .   (no shield)
rNeg     + + +     Faith    .   b - +0 leather armour
rPois    ∞         Spirit   .   l - +0 helmet
rElec    .         Reflect  .   (no cloak)
rCorr    .         Harm     .   i - +0 pair of gloves
MR       .....                  g - +0 pair of boots
Stlth    +.........             (no amulet)
Regen    0.0/turn               (no ring)
MPRegen  0.1/turn               (no ring)

@: very slightly contaminated, rotting
A: rotting body, claws 1, carnivore 3, cold resistance 1, negative energy
resistance 3, inhibited regeneration, torment resistance, unbreathing
a: no special abilities


You were on level 4 of the Dungeon.
You were not hungry.

You visited 1 branch of the dungeon, and saw 4 of its levels.

You collected 178 gold pieces.

Inventory:

Hand Weapons
 a - a +0 hand axe
 n - a +0 whip of venom (weapon)
Missiles
 j - 22 bolts
Armour
 b - a +0 leather armour (worn)
 g - a +0 pair of boots (worn)
 i - a +0 pair of gloves (worn)
 l - a +0 helmet (worn)
Scrolls
 h - a scroll of fear
 k - a scroll of amnesia
 o - 2 scrolls of remove curse
Potions
 e - a potion of flight
 f - a potion of ambrosia
 m - a potion of invisibility
Books
 c - a book of Battle

   Spells                             Type                      Level
   a - Infusion                       Charms                       1
   b - Shroud of Golubria             Charms/Translocation         2
   c - Song of Slaying                Charms                       2
   d - Spectral Weapon                Hexes/Charms                 3
   e - Regeneration                   Charms/Necromancy            3
Comestibles
 d - a meat ration


   Skills:
 + Level 3.4 Fighting
 * Level 3.1 Axes
 + Level 1.3 Armour
 + Level 2.4 Dodging
 + Level 2.3 Spellcasting
 + Level 3.0 Charms
 * Level 1.2 Necromancy


You couldn't memorise any spells.
You knew the following spells:

 Your Spells              Type           Power        Failure   Level  Hunger
a - Infusion              Chrm           #...         12%         1    ##.....
b - Song of Slaying       Chrm           #.......     17%         2    ###....
c - Shroud of Golubria    Chrm/Tloc      #.........   34%         2    ###....
d - Regeneration          Chrm/Necr      #.........   56%         3    ####...


Dungeon Overview and Level Annotations

Branches:
Dungeon (4/15)
 Temple: D:4-7

Altars:
Cheibriados
Dithmenos
Elyvilon
Gozag
Trog
Uskayaw
Vehumet
The Shining One


Innate Abilities, Weirdness & Mutations

Your body is rotting away.
You thrive on raw meat.
You are immune to poison.
You have sharp fingernails.
You are carnivorous and can eat meat at any time.
Your flesh is cold resistant. (rC+)
You are immune to negative energy. (rN+++)
You do not regenerate when monsters are visible.
You are immune to unholy pain and torment.
You can survive without breathing.


Message History

You hear an angry hiss.
You hear a bark!
You hear a shout!
You closely miss the howler monkey. The howler monkey hits you.
You barely miss the howler monkey. The howler monkey barely misses you.
The howler monkey hits you!
You closely miss the howler monkey. The howler monkey hits you.
You barely miss the howler monkey.
The howler monkey completely misses you.
You hit the howler monkey.
The howler monkey is moderately wounded.
The howler monkey barely misses you.
You hit the howler monkey.
The howler monkey is severely wounded.
The howler monkey hits you!
* * * LOW HITPOINT WARNING * * *
You hit the howler monkey but do no damage.
The howler monkey is severely wounded.
The howler monkey hits you.
* * * LOW HITPOINT WARNING * * *
The howler monkey hits you.
You die...

#..# . #..###### ..
#.......#########
l#.
#...##.....^....#
....
#...##..#######.#
.#...##...##..#
hs.h......##..######
.#...##h#.##...<...#
##. #@#.##.<####.# #
#.#.##... #.?....##
#.###.. ..# #.. #.#
#.# #.. .. ###


You could see a howler monkey.

Vanquished Creatures
  2 worker ants (D:4)
  3 gnolls (D:2)
  5 adders (D:2)
  An ooze (D:3)
  2 worms (D:3)
  2 dart slugs (D:1)
  A leopard gecko (D:2)
  A ball python (D:3)
  5 bats
  3 giant cockroaches
  6 goblins
  8 hobgoblins
  2 quokkas (D:2)
  3 frilled lizards
  2 kobolds (D:1)
  6 rats
52 creatures vanquished.

Notes
Turn   | Place    | Note
-------+----------+-------------------------------------------
     0 | D:1      | AlphabetPasta the Ghoul Skald began the quest for the Orb.
     0 | D:1      | Reached XP level 1. HP: 17/17 MP: 2/2
   182 | D:1      | Reached skill level 1 in Armour
   182 | D:1      | Reached XP level 2. HP: 21/25 MP: 0/3
   186 | D:1      | Learned a level 2 spell: Song of Slaying
   464 | D:1      | Reached XP level 3. HP: 26/30 MP: 4/4
   483 | D:1      | Learned a level 2 spell: Shroud of Golubria
   892 | D:2      | Found a snail-covered altar of Cheibriados.
   894 | D:2      | Found a radiant altar of Vehumet.
   901 | D:2      | Found a hide-covered altar of Uskayaw.
   901 | D:2      | Found an opulent altar of Gozag.
   901 | D:2      | Found a bloodstained altar of Trog.
   905 | D:2      | Found a shadowy altar of Dithmenos.
  1200 | D:2      | Reached XP level 4. HP: 13/37 MP: 2/6
  1486 | D:2      | Found a glowing golden altar of the Shining One.
  2079 | D:2      | Found a white marble altar of Elyvilon.
  2163 | D:2      | Reached XP level 5. HP: 40/40 MP: 2/7
  2174 | D:2      | Learned a level 3 spell: Regeneration
  2238 | D:3      | Learned a level 2 spell: Shroud of Golubria
  2764 | D:4      | Reached skill level 1 in Necromancy
  2801 | D:4      | Slain by a howler monkey

Vault maps used:
D:1:      kennysheep_arrival_forest, serial_glass, glass_columns_c,
          glass_columns_b, minmay_heptomino_h4
D:2:      kennysheep_big_flooded_room, lemuel_coloured_pillars_altar,
          grunt_temple_overflow_open, nicolae_overflow_crystal_walls,
          first_bread
D:4:      lightli_sewer_entry_pipes

Skill      XL: |  1  2  3  4  5 |
---------------+----------------+-----
Axes           | 2 3 |  3.1
Armour         | 1 |  1.3
Dodging        | 2 |  2.4
Spellcasting   | 2 |  2.3
Fighting       | 3 |  3.4
Charms         | 3 |  3.0
Necromancy     | 1 |  1.2

Action                   |  1- 3 |  4- 6 || total
-------------------------+-------+-------++-------
Melee: Hand axe          |    42 |       ||    42
       Whip              |    73 |    85 ||   158
 Cast: Infusion          |    13 |    10 ||    23
  Use: Scroll            |     6 |     3 ||     9
       Potion            |     2 |       ||     2
  Eat: Chunk             |    19 |    13 ||    32
       Royal jelly       |       |     1 ||     1
Armor: Leather armour    |    43 |    22 ||    65
Dodge: Dodged            |    55 |    38 ||    93
